A
CHANDLER LOPES @ WEST TOWNSHIP LONE STARS
06/04/2024
 
TOP OF THE 1ST
Chandler Lopes batting - Pitching for West Township Lone Stars : RHP Steven Echavarria
Pitching: RHP Steven Echavarria
Batting: SHB Tyler McDonough 0-0: Ground out 6-3 (Groundball, 6, EV 86.3 MPH)
Batting: RHB L.J. Jones 0-0: Ball
1-0: Foul Ball, location: 2F
1-1: Ground out 6-3 (Groundball, 6, EV 78.8 MPH)
Batting: SHB Carson Taylor 0-0: Ball
1-0: Called Strike
1-1: Called Strike
1-2: Ground out U3 (Groundball, 34, EV 91.3 MPH)
Top of the 1st over - 0 runs, 0 hits, 0 errors, 0 left on base; Chandler 0 - West Township 0
BOTTOM OF THE 1ST
West Township Lone Stars batting - Pitching for Chandler Lopes : RHP Grant Rogers
Pitching: RHP Grant Rogers
Batting: RHB Avery Owusu-Asiedu 0-0: Ball
1-0: Called Strike
1-1: Fly out, F8 (Flyball, 8LD, EV 88.1 MPH)
Batting: SHB Cole Fontenelle 0-0: Foul Ball, location: 2F
0-1: Swinging Strike
0-2: Strikes out swinging
Batting: LHB Jace Bohrofen 0-0: Called Strike
0-1: Called Strike
0-2: Strikes out swinging
Bottom of the 1st over - 0 runs, 0 hits, 0 errors, 0 left on base; Chandler 0 - West Township 0
TOP OF THE 2ND
Chandler Lopes batting - Pitching for West Township Lone Stars : RHP Steven Echavarria
Batting: LHB JT Schwartz 0-0: Ball
1-0: Called Strike
1-1: Ground out 4-3 (Groundball, 4S, EV 84.4 MPH)
Batting: RHB Ben Blackwell 0-0: Ground out 5-3 (Groundball, 56S, EV 78.8 MPH)
Batting: LHB Erick Pena 0-0: Ground out U3 (Groundball, 3L, EV 90.0 MPH)
Top of the 2nd over - 0 runs, 0 hits, 0 errors, 0 left on base; Chandler 0 - West Township 0
BOTTOM OF THE 2ND
West Township Lone Stars batting - Pitching for Chandler Lopes : RHP Grant Rogers
Batting: RHB Bennett Lee 0-0: Ball
1-0: SINGLE (Groundball, 6S, EV 66.3 MPH) (infield hit)
Pinch Runner at 1st Charlis Aquino:
Batting: LHB Luke Shliger 0-0: Grounds into double play, 5-4-3 (Groundball, 5S, EV 89.4 MPH)
Batting: RHB Nick Morabito 0-0: Fly out, F4 (Popup, 4, EV 60.0 MPH)
Bottom of the 2nd over - 0 runs, 1 hit, 0 errors, 0 left on base; Chandler 0 - West Township 0
TOP OF THE 3RD
Chandler Lopes batting - Pitching for West Township Lone Stars : RHP Steven Echavarria
Batting: SHB Alvaro Gonzalez 0-0: Ball
1-0: Ground out U3 (Groundball, 34, EV 89.4 MPH)
Batting: SHB Reginald Preciado 0-0: Called Strike
0-1: Ball
1-1: SINGLE (Groundball, 3D, EV 105.0 MPH)
Batting: RHB Bayron Lora 0-0: Called Strike
0-1: Called Strike
0-2: Ball
1-2: Foul Ball, location: 2LF
1-2: Strikes out looking
Batting: SHB Tyler McDonough 0-0: SINGLE (Groundball, 34D, EV 94.4 MPH)
Reginald Preciado to second
Runner from 2nd tries for 3rd, SAFE, throw by RF made to third
Batting: RHB L.J. Jones 0-0: Swinging Strike
0-1: Foul Ball, location: 23F
0-2: Ball
1-2: Strikes out swinging
Top of the 3rd over - 0 runs, 2 hits, 0 errors, 2 left on base; Chandler 0 - West Township 0
BOTTOM OF THE 3RD
West Township Lone Stars batting - Pitching for Chandler Lopes : RHP Grant Rogers
Batting: LHB Stephen Paolini 0-0: Ball
1-0: Foul Ball, location: 7LMF
1-1: Ground out U3 (Groundball, 13, EV 83.8 MPH)
Batting: RHB Colin Houck 0-0: Ball
1-0: Swinging Strike
1-1: Ball
2-1: Foul Ball, location: 2F
2-2: Strikes out swinging
Batting: RHB Brayan Altuve 0-0: Fly out, F8 (Flyball, 78XD, EV 111.3 MPH)
Bottom of the 3rd over - 0 runs, 0 hits, 0 errors, 0 left on base; Chandler 0 - West Township 0
TOP OF THE 4TH
Chandler Lopes batting - Pitching for West Township Lone Stars : RHP Steven Echavarria
Batting: SHB Carson Taylor 0-0: Ball
1-0: Ball
2-0: Ball
3-0: Base on Balls
Batting: LHB JT Schwartz 0-0: Foul Ball, location: 23FF
0-1: SINGLE (Line Drive, 89S, EV 85.6 MPH)
Carson Taylor to second
Batting: RHB Ben Blackwell 0-0: DOUBLE (Flyball, 89XD, EV 112.5 MPH)
Carson Taylor scores
JT Schwartz to third
Batting: LHB Erick Pena 0-0: Called Strike
0-1: Ball
1-1: Fly out, F9 (Flyball, 9LMF, EV 93.1 MPH)
Runner from 3rd tags up, OUT at HOME! 9-2
Ben Blackwell to third
Batting: SHB Alvaro Gonzalez 0-0: Fly out, F9 (Flyball, 9S, EV 87.5 MPH)
Top of the 4th over - 1 run, 2 hits, 0 errors, 1 left on base; Chandler 1 - West Township 0
BOTTOM OF THE 4TH
West Township Lone Stars batting - Pitching for Chandler Lopes : RHP Grant Rogers
Batting: RHB Avery Owusu-Asiedu 0-0: Ball
1-0: Foul Ball, location: 2F
1-1: Ball
2-1: Ground out 6-3 (Groundball, 56, EV 104.4 MPH)
Batting: SHB Cole Fontenelle 0-0: SINGLE (Line Drive, 8LS, EV 97.5 MPH)
Batting: LHB Jace Bohrofen 0-0: Ball
1-0: Foul Ball, location: 7LDF
1-1: Ball
2-1: SINGLE (Groundball, 56D, EV 98.8 MPH)
Cole Fontenelle to second
Batting: RHB Charlis Aquino 0-0: Ball
1-0: Called Strike
1-1: Ball
2-1: Swinging Strike
2-2: Ball
3-2: Foul Ball, location: 7LSF
3-2: DOUBLE (Line Drive, 78D, EV 110.6 MPH)
Cole Fontenelle scores
Jace Bohrofen to third
Runner from 3rd tries for Home, SAFE, no throw by CF
Batting: LHB Luke Shliger 0-0: Ground out 5-3 (Groundball, 56, EV 88.1 MPH)
Batting: RHB Nick Morabito 0-0: Called Strike
0-1: SINGLE (Groundball, 56, EV 106.3 MPH) (infield hit)
Charlis Aquino to third
Batting: LHB Stephen Paolini 0-0: Called Strike
0-1: Swinging Strike
0-2: Strikes out looking
Bottom of the 4th over - 2 runs, 4 hits, 0 errors, 2 left on base; Chandler 1 - West Township 2
TOP OF THE 5TH
Chandler Lopes batting - Pitching for West Township Lone Stars : RHP Steven Echavarria
Batting: SHB Reginald Preciado 0-0: Ball
1-0: Swinging Strike
1-1: Called Strike
1-2: Strikes out looking
Batting: RHB Bayron Lora 0-0: Called Strike
0-1: Swinging Strike
0-2: SINGLE (Groundball, 6MD, EV 104.4 MPH)
Batting: SHB Tyler McDonough 0-0: Called Strike
0-1: Swinging Strike
0-2: Ball
1-2: Fielders Choice at 2nd, 4-6 (Groundball, 34, EV 106.3 MPH)
Batting: RHB L.J. Jones 0-0: Ball
1-0: Foul Ball, location: 2F
1-1: Ball
2-1: Foul Ball, location: 2RF
2-2: Ball
3-2: Base on Balls
Tyler McDonough to second
Batting: SHB Carson Taylor 0-0: DOUBLE (Line Drive, 3D, EV 97.5 MPH)
Tyler McDonough scores
L.J. Jones to third
Batting: LHB JT Schwartz 0-0: Fly out, F9 (Flyball, 89S, EV 91.3 MPH)
Top of the 5th over - 1 run, 2 hits, 0 errors, 2 left on base; Chandler 2 - West Township 2
BOTTOM OF THE 5TH
West Township Lone Stars batting - Pitching for Chandler Lopes : RHP Grant Rogers
Batting: RHB Colin Houck 0-0: Ground out 6-3 (Groundball, 56, EV 106.3 MPH)
Batting: RHB Brayan Altuve 0-0: Ball
1-0: Ball
2-0: Ball
3-0: Base on Balls
Batting: RHB Avery Owusu-Asiedu 0-0: Ball
1-0: Ball
2-0: Foul Ball, location: 2F
2-1: Grounds into double play, 5-4-3 (Groundball, 15, EV 90.0 MPH)
Bottom of the 5th over - 0 runs, 0 hits, 0 errors, 0 left on base; Chandler 2 - West Township 2
TOP OF THE 6TH
Chandler Lopes batting - Pitching for West Township Lone Stars : RHP Steven Echavarria
Batting: RHB Ben Blackwell 0-0: Ball
1-0: Called Strike
1-1: Ball
2-1: Ball
3-1: Called Strike
3-2: Foul Ball, location: 2F
3-2: Foul Ball, location: 23F
3-2: Fly out, F9 (Flyball, 9LSF, EV 99.4 MPH)
Batting: LHB Erick Pena 0-0: Ball
1-0: Foul Ball, location: 2F
1-1: Ball
2-1: Called Strike
2-2: Foul Ball, location: 23FF
2-2: Strikes out swinging
Batting: SHB Alvaro Gonzalez 0-0: Foul Ball, location: 2F
0-1: Called Strike
0-2: Foul Ball, location: 7LMF
0-2: Foul Ball, location: 7LSF
0-2: Ball
1-2: Ball
2-2: Ball
3-2: Fly out, F8 (Flyball, 8RD, EV 98.1 MPH)
Top of the 6th over - 0 runs, 0 hits, 0 errors, 0 left on base; Chandler 2 - West Township 2
BOTTOM OF THE 6TH
West Township Lone Stars batting - Pitching for Chandler Lopes : RHP Grant Rogers
Batting: SHB Cole Fontenelle 0-0: Foul Ball, location: 2F
0-1: Swinging Strike
0-2: Ball
1-2: Foul Ball, location: 2F
1-2: SINGLE (Groundball, 15, EV 69.4 MPH) (infield hit)
Batting: LHB Jace Bohrofen 0-0: Ball
1-0: Ball
2-0: SINGLE (Groundball, 6, EV 82.5 MPH)
Cole Fontenelle to second
Batting: RHB Charlis Aquino 0-0: Swinging Strike
0-1: Fielders Choice at 2nd, 6-4 (Groundball, 6S, EV 78.1 MPH)
Cole Fontenelle to third
Batting: LHB Luke Shliger 0-0: Called Strike
0-1: Ball
1-1: Ball
2-1: Grounds into double play, 4-6-3 (Groundball, 4, EV 85.0 MPH)
Bottom of the 6th over - 0 runs, 2 hits, 0 errors, 1 left on base; Chandler 2 - West Township 2
TOP OF THE 7TH
Chandler Lopes batting - Pitching for West Township Lone Stars : RHP Steven Echavarria
Pitching: LHP Reid VanScoter
Pinch Hitting: RHB Mark Coley 0-0: SINGLE (Line Drive, 8LS, EV 102.5 MPH)
Batting: RHB Bayron Lora 0-0: Called Strike
0-1: Swinging Strike
0-2: Ball
1-2: Foul Ball, location: 2F
1-2: Fly out, F9 (Line Drive, 9S, EV 93.1 MPH)
Batting: SHB Tyler McDonough 0-0: Ball
Pickoff Throw to First - Out! 1-3
1-0: Foul Ball, location: 23F
1-1: Swinging Strike
1-2: Strikes out swinging
Top of the 7th over - 0 runs, 1 hit, 0 errors, 0 left on base; Chandler 2 - West Township 2
BOTTOM OF THE 7TH
West Township Lone Stars batting - Pitching for Chandler Lopes : RHP Grant Rogers
Now at 2B: Tyler McDonough
Now in LF: Mark Coley
Batting: RHB Nick Morabito 0-0: Called Strike
0-1: Ball
1-1: Ball
2-1: Fly out, F8 (Line Drive, 78M, EV 91.9 MPH)
Batting: LHB Stephen Paolini 0-0: Ball
1-0: Called Strike
1-1: Ball
2-1: SINGLE (Line Drive, 56D, EV 95.0 MPH)
Batting: RHB Colin Houck 0-0: Called Strike
0-1: Ball
1-1: SINGLE (Line Drive, 9LS, EV 103.8 MPH)
Stephen Paolini to second
Batting: RHB Brayan Altuve 0-0: Ball
1-0: Foul Ball, location: 9LSF
1-1: Swinging Strike
1-2: Foul Ball, location: 5F
1-2: Strikes out swinging
Batting: RHB Avery Owusu-Asiedu 0-0: Called Strike
0-1: Ball
1-1: Called Strike
1-2: Ground out 1-3 (Groundball, 13, EV 65.0 MPH)
Bottom of the 7th over - 0 runs, 2 hits, 0 errors, 2 left on base; Chandler 2 - West Township 2
TOP OF THE 8TH
Chandler Lopes batting - Pitching for West Township Lone Stars : LHP Reid VanScoter
Pitching: RHP Tyrone Yulie
Batting: RHB L.J. Jones 0-0: Swinging Strike
0-1: Ball
1-1: Ball
2-1: Foul Ball, location: 2F
2-2: Foul Ball, location: 2F
2-2: Ground out 5-3 (Groundball, 56S, EV 80.0 MPH)
Batting: SHB Carson Taylor 0-0: Ball
1-0: Called Strike
1-1: Ball
2-1: Ball
3-1: Called Strike
3-2: Fly out, F9 (Flyball, 89S, EV 88.8 MPH)
Batting: LHB JT Schwartz 0-0: Foul Ball, location: 5DF
0-1: Ground out 3-1 (Groundball, 34, EV 81.9 MPH)
Top of the 8th over - 0 runs, 0 hits, 0 errors, 0 left on base; Chandler 2 - West Township 2
BOTTOM OF THE 8TH
West Township Lone Stars batting - Pitching for Chandler Lopes : RHP Grant Rogers
Batting: SHB Cole Fontenelle 0-0: Called Strike
0-1: Ground out 4-3 (Groundball, 4, EV 91.9 MPH)
Batting: LHB Jace Bohrofen 0-0: Called Strike
0-1: Swinging Strike
0-2: Strikes out swinging
Batting: RHB Charlis Aquino 0-0: Ball
1-0: Ball
2-0: Swinging Strike
2-1: Ball
3-1: Base on Balls
Pitching: LHP Jaime Arias
Batting: LHB Luke Shliger 0-0: Ball
Wild Pitch!
Charlis Aquino to second
1-0: SINGLE (Groundball, 13, EV 73.8 MPH) (infield hit)
Charlis Aquino to third
Batting: RHB Nick Morabito 0-0: Ball
1-0: Ball
2-0: SINGLE (Groundball, 4M, EV 76.9 MPH) (infield hit)
Charlis Aquino scores
Luke Shliger to second
Batting: LHB Stephen Paolini 0-0: DOUBLE (Line Drive, 78XD, EV 98.1 MPH)
Luke Shliger scores
Nick Morabito to third
Runner from 3rd tries for Home, SAFE, no throw by LF
Pitching: RHP Jose Montilla
Batting: RHB Colin Houck 0-0: Ball
1-0: Foul Ball, location: 2F
1-1: Ground out 6-3 (Groundball, 56, EV 106.9 MPH)
Bottom of the 8th over - 3 runs, 3 hits, 0 errors, 1 left on base; Chandler 2 - West Township 5
TOP OF THE 9TH
Chandler Lopes batting - Pitching for West Township Lone Stars : RHP Tyrone Yulie
Pitching: RHP Camden Minacci
Batting: RHB Ben Blackwell 0-0: Ball
1-0: Ground out U3 (Groundball, 23, EV 86.9 MPH)
Pinch Hitting: RHB Jesus Rodriguez 0-0: Foul Ball, location: 2F
0-1: Ground out 6-3 (Groundball, 6, EV 83.1 MPH)
Batting: SHB Alvaro Gonzalez 0-0: Ball
1-0: Called Strike
1-1: Ball
2-1: Called Strike
2-2: Ball
3-2: Strikes out swinging
Top of the 9th over - 0 runs, 0 hits, 0 errors, 0 left on base; Chandler 2 - West Township 5
Friday, April 19th , 2024 - OOTP Baseball 24.11 Build 85